 Dungeon Crawl Stone Soup version 0.30.1-3-gfc49f6343a (webtiles) character file.

Game seed: 15862005524398094540

10161 Peloso the Carver (level 11, -6/94 HPs)
             Began as a Minotaur Fighter on July 20, 2023.
             Was an Elder of Okawaru.
             Mangled by a manticore (10 damage)
             ... on level 9 of the Dungeon.
             The game lasted 00:23:24 (10317 turns).

Peloso the Carver (Minotaur Fighter)               Turns: 10317, Time: 00:23:25

Health: -6/94      AC: 13    Str: 28    XL:     11   Next: 32%
Magic:  11/11      EV: 10    Int: 11    God:    Okawaru [****..]
Gold:   473        SH: 16    Dex: 13    Spells: 10/10 levels left

rFire   . . .        a - +2 falchion (flame)
rCold   . . .        d - +0 kite shield
rNeg    . . .        c - +0 chain mail
rPois   .            (helmet restricted)
rElec   .            A - +0 cloak {Will+}
rCorr   .            (no gloves)
SInv    +            (no boots)
Will    +....        l - amulet of reflection Stlth
                     u - +6 ring of strength
HPRegen 0.35/turn    y - ring "Paerota" {Int+6 SInv}
MPRegen 0.12/turn

%: reflection
@: no status effects
A: horns 2, retaliatory headbutt
a: Renounce Religion, Heroism, Finesse


You were on level 9 of the Dungeon.
You worshipped Okawaru.
Okawaru was greatly pleased with you.
You visited 1 branch of the dungeon, and saw 9 of its levels.

You collected 473 gold pieces.

Inventory:

Hand Weapons
 a - a +2 falchion of flaming (weapon)
Armour
 b - a +0 scale mail
 c - a +0 chain mail (worn)
 d - a +0 kite shield (worn)
 A - a +0 cloak of willpower (worn)
Jewellery
 l - an amulet of reflection (around neck)
 u - a +6 ring of strength (left hand)
 y - the ring "Paerota" (right hand) {Int+6 SInv}
   (You found it on level 8 of the Dungeon)

   [ring of intelligence]

   Int:       It affects your intelligence (+6).
   SInv:      It lets you see invisible.
 z - the ring of Menaomn {Wiz rC++ Int+6 Slay-6}
   (You took it off an orc warrior on level 8 of the Dungeon)

   [ring of wizardry]

   It improves your spell success rate.
   Int:       It affects your intelligence (+6).
   Slay:      It affects your accuracy & damage with ranged weapons and melee
   (-6).
   rC:        It greatly protects you from cold.
 B - a ring of flight
Wands
 g - a wand of flame (28)
 p - a wand of roots (11)
Scrolls
 f - a scroll of fear
 h - 2 scrolls of teleportation
 i - 4 scrolls of fog
 j - 2 scrolls of amnesia
 t - a scroll of blinking
 x - a scroll of enchant weapon {unknown}
Potions
 e - 2 potions of brilliance
 k - 2 potions of cancellation
 m - a potion of ambrosia
 n - 2 potions of resistance
 q - 5 potions of mutation
 r - a potion of berserk rage
 s - 2 potions of haste
 v - 2 potions of degeneration {unknown}
 w - a potion of might


   Skills:
 + Level 8.2 Fighting
 + Level 12.6 Long Blades
 + Level 10.4 Armour
 + Level 4.4 Dodging
 + Level 1.5 Stealth
 + Level 11.3 Shields
 + Level 1.8 Invocations
 + Level 0.8 Evocations


You had 10 spell levels left.
You didn't know any spells.
Your spell library contained the following spells:

 Spells                   Type           Power      Damage    Failure   Level
 Inner Flame              Hex/Fire       0%         N/A       99%         3
 Yara's Violent Unravell  Hex/Tmut       0%         3d3       100%        5
 Enfeeble                 Hex            0%         N/A       100%        7


Dungeon Overview and Level Annotations

Branches:
Dungeon (9/15)             Temple (0/1) D:5            Lair (0/5) D:8
    Orc: D:9-12

Altars:
Elyvilon
Gozag
Okawaru
Sif Muna
Trog
Vehumet
Yredelemnul
Lugonu

Annotations:
D:7 1 transporter
D:9 2 transporters, Quickbrownfox's ghost, journeyman DsCj


Innate Abilities, Weirdness & Mutations

You have a pair of horns on your head.
You reflexively headbutt those who attack you in melee.


Message History

You kill the komodo dragon!
Okawaru accepts your kill.
You slash the acid dragon! You burn the acid dragon.
Your headbutt misses the acid dragon.
The acid dragon is heavily wounded.
You block the acid dragon's attack. x2
You slash the acid dragon! You burn the acid dragon.
Your headbutt misses the acid dragon.
The acid dragon is almost dead.
You hit the acid dragon. You burn the acid dragon.
You kill the acid dragon!
Okawaru accepts your kill.
The manticore flicks its tail.
You block volley of spikes... and reflect it back!
The volley of spikes hits the manticore!
The manticore barely misses you. You furiously retaliate!
You headbutt the manticore!
The manticore claws you but does no damage.
You block the manticore's attack.
There is an open door, spattered with blood here.
You see here a komodo dragon corpse.
You hit the manticore. You burn the manticore. You headbutt the manticore.
The manticore is heavily wounded.
The manticore bites you.
The manticore claws you but does no damage.
The manticore claws you!
* * * LOW HITPOINT WARNING * * *
You barely miss the manticore.
The manticore is heavily wounded.
You hit the manticore. You burn the manticore.
The manticore is severely wounded.
The manticore bites you.
* * * LOW HITPOINT WARNING * * *
You block the manticore's attack. x2
You slash the manticore! You burn the manticore.
The manticore is almost dead.
The manticore bites you!
* * * LOW HITPOINT WARNING * * *
You block the manticore's attack. The manticore claws you!
You die...

##........ #..#
#........ #..#
##....... #..#
#)##.... #..#
#..####. #..#####.
##....## #........
#...... #H†......
#..#...
#@##########..##..
#.....†.......###.
#.............# #.
#.)###############
#......... .......
#......... .......
########## #######


You could see a manticore (skewered).

Vanquished Creatures
  A tengu warrior (D:9)
  A manticore (D:9)
  Maurice (D:8)
  Joseph (D:8)
  A komodo dragon (D:9)
  Psyche (D:8)
  A queen bee (D:9)
  A troll (D:8)
  A hornet (D:9)
  Grinder (D:3)
  Sigmund (D:2)
  A vampire (D:9)
  Eustachio (D:4)
  8 yaks (D:9)
  A steam dragon (D:9)
  2 wargs (D:8)
  Menkaure (D:4)
  3 acid dragons
  4 water moccasins
  2 orc warriors (D:8)
  An ice beast (D:6)
  2 black bears
  An ogre (D:6)
  5 centaurs
  A kobold brigand (D:9)
  7 bullfrogs
  A gnoll sergeant (D:6)
  5 scorpions
  13 wights
  19 killer bees
  3 howler monkeys
  6 orc priests
  A jelly (D:7)
  3 gnoll boudas
  A sleepcap (D:6)
  Natasha (thrice) (D:2)
  An iguana (D:5)
  10 orc wizards
  15 gnolls
  8 adders
  A white imp (D:7)
  An ufetubus (D:6)
  A worm (D:3)
  A dart slug (D:1)
  47 orcs
  A bat skeleton (D:9)
  A bat zombie (D:9)
  5 endoplasms
  2 giant cockroaches
  4 goblins
  6 hobgoblins
  4 jackals (D:1)
  6 quokkas
  10 ball pythons
  4 bats
  2 frilled lizards (D:3)
  9 kobolds
  5 rats
250 creatures vanquished.

Notes
Turn   | Place    | Note
-------+----------+-------------------------------------------
     0 | D:1      | Peloso the Minotaur Fighter began the quest for the Orb.
     0 | D:1      | Reached XP level 1. HP: 19/19 MP: 0/0
   114 | D:1      | Reached XP level 2. HP: 21/27 MP: 1/1
   485 | D:1      | Found a faded altar of an unknown god.
   729 | D:2      | Noticed Sigmund
   745 | D:2      | Killed Sigmund
   746 | D:2      | Reached skill level 4 in Long Blades
   746 | D:2      | Reached XP level 3. HP: 27/34 MP: 2/2
   746 | D:2      | Reached XP level 4. HP: 33/41 MP: 3/3
   746 | D:2      | Reached XP level 5. HP: 38/47 MP: 4/4
   839 | D:2      | Reached skill level 5 in Armour
  1171 | D:2      | Noticed Natasha
  1177 | D:2      | Killed Natasha
  1178 | D:2      | Reached skill level 5 in Long Blades
  1229 | D:2      | Noticed Natasha
  1240 | D:2      | Killed Natasha
  1241 | D:2      | Reached XP level 6. HP: 21/53 MP: 5/5
  1318 | D:2      | Noticed Natasha
  1325 | D:2      | Killed Natasha
  1728 | D:3      | Noticed Grinder
  1730 | D:3      | Paralysed by Grinder for 5 turns
  1838 | D:3      | Paralysed by Grinder for 4 turns
  1850 | D:3      | Killed Grinder
  1851 | D:3      | Reached skill level 6 in Long Blades
  1851 | D:3      | Reached XP level 7. HP: 38/60 MP: 6/6
  1953 | D:2      | Reached skill level 5 in Shields
  2157 | D:3      | Found a shimmering blue altar of Sif Muna.
  2382 | D:3      | Reached skill level 1 in Dodging
  2577 | D:4      | Noticed Menkaure
  2592 | D:4      | Killed Menkaure
  2593 | D:4      | Reached skill level 5 in Fighting
  2593 | D:4      | Reached skill level 7 in Long Blades
  2891 | D:4      | Noticed Eustachio
  2904 | D:4      | Killed Eustachio
  3072 | D:4      | Reached XP level 8. HP: 68/68 MP: 7/7
  3775 | D:5      | Entered Level 5 of the Dungeon
  3793 | D:4      | Reached skill level 8 in Long Blades
  3828 | D:5      | Found a staircase to the Ecumenical Temple.
  3908 | D:5      | Found a basalt altar of Yredelemnul.
  5318 | D:6      | Reached skill level 9 in Long Blades
  5422 | D:6      | Found an iron altar of Okawaru.
  5430 | D:6      | Became a worshipper of Warmaster Okawaru
  5935 | D:6      | Reached * piety under Okawaru
  5936 | D:6      | Reached XP level 9. HP: 67/75 MP: 8/8
  6602 | D:7      | Found a transporter.
  6607 | D:7      | Found a corrupted altar of Lugonu.
  6607 | D:7      | Noticed a purple ugly thing
  6607 | D:7      | Noticed a brown ugly thing
  6608 | D:7      | Noticed a white ugly thing
  6608 | D:7      | Noticed a cyan ugly thing
  6656 | D:7      | Reached skill level 10 in Long Blades
  7124 | D:7      | Identified the +5 flail of Liomoju {drain, rPois Str+2}
  7144 | D:7      | Found a white marble altar of Elyvilon.
  7144 | D:7      | Found a radiant altar of Vehumet.
  7374 | D:7      | Found a bloodstained altar of Trog.
  7494 | D:8      | Identified the ring "Paerota" {Int+6 SInv}
  7588 | D:8      | Identified the ring of Menaomn {Wiz rC++ Int+6 Slay-6}
  7613 | D:8      | Reached ** piety under Okawaru
  7647 | D:8      | Found a staircase to the Lair.
  7687 | D:8      | Reached skill level 11 in Long Blades
  7749 | D:8      | Noticed a troll
  7764 | D:8      | Noticed Maurice
  7783 | D:8      | Killed Maurice
  7784 | D:8      | Reached XP level 10. HP: 77/86 MP: 6/9
  7861 | D:8      | Noticed Joseph
  7877 | D:8      | Killed Joseph
  8392 | D:8      | Reached *** piety under Okawaru
  8403 | D:8      | Reached skill level 1 in Invocations
  8605 | D:8      | Found an opulent altar of Gozag.
  8752 | D:8      | Noticed Psyche
  8760 | D:8      | Killed Psyche
  8940 | D:9      | Reached skill level 12 in Long Blades
  9037 | D:9      | Reached skill level 1 in Stealth
  9045 | D:9      | Reached **** piety under Okawaru
  9136 | D:9      | Reached skill level 10 in Armour
  9251 | D:9      | Noticed Quickbrownfox's ghost (journeyman DsCj)
  9262 | D:9      | Found a transporter.
  9266 | D:9      | Found a transporter.
  9367 | D:9      | Reached skill level 10 in Shields
  9506 | D:9      | Reached XP level 11. HP: 17/94 MP: 11/11
 10117 | D:9      | Noticed a tengu warrior
 10136 | D:9      | Killed a tengu warrior
 10157 | D:9      | Paralysed by a hornet for 1 turns
 10317 | D:9      | HP: 4/94 [manticore (14)]
 10317 | D:9      | Mangled by a manticore

Illustrated notes

Levels and vault maps discovered:
D:1:      wander_arrival_peaceful_grave, layout_basic,
          chequers_ecumenical_altar_simple, minmay_splitting_lines,
          chequers_serial_rivers_large_b, minivault_23
D:2:      layout_basic, uniq_sigmund, uniq_natasha
D:3:      minmay_skewed_foursquare, layout_rooms,
          nicolae_sif_muna_little_library, uniq_grinder
D:4:      layout_loops_ring, kennysheep_nondescript, nicolae_figureground_pulse,
          uniq_eustachio, uniq_menkaure
D:5:      layout_layer_cave, old_standard_altar,
          minmay_temple_entry_from_below_b
D:6:      layout_cave_pools, okawaru_gym_becter
D:7:      gammafunk_corrupted_shrine, layout_cave_pools,
          mainiacjoe_overflow_alcove_4, nicolae_overflow_two_pavilions
D:8:      layout_basic, general_overflow_altar, erik_lair_orcish_takeover,
          uniq_joseph, uniq_maurice, uniq_psyche
D:9:      minmay_quarter_circles, layout_cross, mainiacjoe_overflow_24_doors,
          kennysheep_vampire_church, demons_altar, gammafunk_ghost_hive,
          minivault_21, st_stairs_6, roderic_st_hans_cross,
          nicolae_looking_at_the_future

Skill      XL: |  1  2  3  4  5  6  7  8  9 10 11 |
---------------+----------------------------------+-----
Armour         | 4 5 6 8 9 10 | 10.4
Shields        | 4 5 6 8 10 11 | 11.3
Fighting       | 4 5 6 7 8 |  8.2
Long Blades    | 4 5 6 7 9 11 12 | 12.6
Dodging        | 1 2 3 4 |  4.4
Invocations    | 1 |  1.8
Stealth        | 1 |  1.5
Evocations     | |  0.8

Action                     |  1- 3 |  4- 6 |  7- 9 | 10-12 || total
---------------------------+-------+-------+-------+-------++-------
  Melee: Long sword        |    47 |    72 |   337 |       ||   456
         Headbutt          |     7 |     9 |    82 |    66 ||   164
         Falchion          |       |       |    69 |   359 ||   428
         Scimitar          |       |       |    60 |       ||    60
 Invoke: Heroism           |       |       |     3 |     6 ||     9
  Evoke: Wand              |       |       |     1 |     2 ||     3
    Use: Potion            |     4 |       |     3 |       ||     7
         Scroll            |     2 |       |     9 |     1 ||    12
 Armour: Scale mail        |    10 |       |       |       ||    10
         Chain mail        |     8 |    36 |   182 |    84 ||   310
  Dodge: Dodged            |    20 |    33 |   143 |    82 ||   278
  Block: Buckler           |    10 |    27 |   103 |       ||   140
         Kite shield       |       |       |   153 |   257 ||   410
         Reflection        |       |       |    11 |     7 ||    18
